 Dungeon Crawl Stone Soup version 0.25.1-2-g60ff931df9 (webtiles) character file.

Game seed: 15826799174961678220

46 DogServant the Ruffian (level 3, 0/28 HPs)
             Began as a Draconian Transmuter on Nov 15, 2020.
             Succumbed to an adder's poison
             ... on level 2 of the Dungeon on Nov 16, 2020.
             The game lasted 00:01:10 (1326 turns).

DogServant the Ruffian (Draconian Transmuter)       Turns: 1326, Time: 00:01:10

Health: 0/28       AC:  5    Str: 13    XL:     3   Next: 46%
Magic:  6/6        EV: 12    Int: 13    God:
Gold:   55         SH:  0    Dex: 11    Spells: 5/6 levels left

rFire    . . .     SeeInvis .     - Unarmed
rCold    + . .     Gourm    .   (no shield)
rNeg     . . .     Faith    .   (armour unavailable)
rPois    .         Spirit   .   (helmet restricted)
rElec    .         Reflect  .   (no cloak)
rCorr    .         Harm     .   (no gloves)
MR       .....                  (no boots)
Stlth    +.........             (no amulet)
HPRegen  0.09/turn              (no ring)
MPRegen  0.10/turn              (no ring)

@: lethally poisoned (0 -> -12)
A: unfitting armour, big wings, cold resistance 1, cold-blooded, AC +5
a: Fly


You were on level 2 of the Dungeon.
You were not hungry.

You visited 1 branch of the dungeon, and saw 2 of its levels.

You collected 55 gold pieces.

Inventory:

Missiles
 a - 38 arrows
 j - 18 poisoned darts (quivered)
Jewellery
 i - an uncursed ring of fire {unknown}
Scrolls
 b - a scroll of fear {unknown}
 e - a scroll of immolation {unknown}
 g - 3 scrolls of identify {unknown}
 h - 2 scrolls of remove curse {unknown}
 k - a scroll of amnesia {unknown}
Comestibles
 c - 7 rations
 d - 3 chunks of flesh


   Skills:
 - Level 1.1 Fighting
 - Level 2.0 Dodging
 + Level 3.7 Unarmed Combat
 - Level 2.0 Spellcasting
 + Level 3.0 Transmutations


You had 5 spell levels left.
You knew the following spells:

 Your Spells              Type           Power        Failure   Level  Hunger
a - Beastly Appendage     Tmut           #.....       8%          1    ##.....

Your spell library contained the following spells:

 Spells                   Type           Power        Failure   Level  Hunger
 Sticks to Snakes         Tmut           #.......     11%         2    ###....
 Spider Form              Tmut/Pois      #.........   38%         3    ####...
 Ice Form                 Ice/Tmut       #.......     80%         4    #####..
 Blade Hands              Tmut           #.........   90%         5    ######.


Dungeon Overview and Level Annotations

Branches:
Dungeon (2/15)

Altars:


Innate Abilities, Weirdness & Mutations

Your plain brown scales are hard. (AC +5)
You cannot fit into any form of body armour.
You are cold-blooded and may be slowed by cold attacks.
Your large and strong wings let you fly indefinitely.
Your flesh is cold resistant. (rC+)


Message History

You hit the adder.
Your tail-slap misses the adder.
The adder is severely wounded.
* * * LOW HITPOINT WARNING * * *
You feel sick. The adder closely misses you.
You barely miss the adder.
The adder is severely wounded.
* * * LOW HITPOINT WARNING * * *
You feel sick. The adder bites you but does no damage.
You barely miss the adder. You tail-slap the adder.
You kill the adder!
Your Transmutations skill increases to level 3!
* * * LOW HITPOINT WARNING * * *
You feel sick.
* * * LOW HITPOINT WARNING * * *
You feel sick.
There is a lethal amount of poison in your body!
There is a lethal amount of poison in your body!
It was a potion of mutation.
You feel extremely strange.
You feel resistant to cold.
Your wings grow larger and stronger.
You die...

.................
.........#........#
..................# .
..................# ..
.......(....##....# ...
.....รท......##....##....
##########...#......[...
.............?.......
.............@.......
..................###
..................#
.....................
.....................
.....................
....................
..........#.......


There were no monsters in sight!

Vanquished Creatures
  2 adders (D:2)
  A dart slug (D:1)
  A ball python (D:1)
  3 giant cockroaches (D:1)
  A goblin (D:1)
  4 hobgoblins
  4 kobolds (D:1)
  5 bats
  3 frilled lizards
  2 rats (D:1)
26 creatures vanquished.

Notes
Turn   | Place    | Note
-------+----------+-------------------------------------------
     0 | D:1      | DogServant the Draconian Transmuter began the quest for the
                  | Orb.
     0 | D:1      | Reached XP level 1. HP: 16/16 MP: 3/3
   309 | D:1      | Reached XP level 2. HP: 20/23 MP: 3/5
  1130 | D:2      | Reached XP level 3. HP: 21/28 MP: 4/6
  1325 | D:2      | HP: 1/28 [poisoned by an adder]
  1326 | D:2      | Gained mutation: Your flesh is cold resistant. (rC+)
                  | [potion of mutation]
  1326 | D:2      | Gained mutation: Your large and strong wings let you fly
                  | indefinitely. [potion of mutation]
  1326 | D:2      | Succumbed to an adder's poison

Illustrated notes

Levels and vault maps discovered:
D:1:      nicolae_arrival_somewhat_less_tricky_arrival, layout_loops_ring
D:2:      layout_basic, chequers_ecumenical_altar_lobes, first_ration,
          ebering_dispersal_statue_hall, uniq_terence

Skill      XL: |  1  2  3 |
---------------+----------+-----
Dodging        | 2 |  2.0
Transmutations | 3 |  3.0
Fighting       | |  1.1
Unarmed Combat | |  3.7
Spellcasting   | |  2.0

Action                   || total
-------------------------++-------
Melee: Unarmed           ||    91
       Tailslap          ||     7
       Headbutt          ||     2
       Kick              ||     2
 Cast: Beastly Appendage ||    16
  Use: Potion            ||     1
 Stab: Sleeping          ||     1
  Eat: Chunk             ||     2
Armor: Skin              ||    21
Dodge: Dodged            ||    57
